 Dungeon Crawl Stone Soup version 0.21.0-24-g2553a33 (webtiles) character file.

70 Firecrotchwizard the Sneak (level 4, -1/21 HPs)
             Began as a Spriggan Enchanter on Jan 21, 2018.
             Slain by a goblin
             ... wielding a +0 dagger
             ... led by Robin
              (3 damage)
             ... on level 2 of the Dungeon.
             The game lasted 00:06:57 (1991 turns).

Firecrotchwizard the Sneak (Spriggan Enchanter)     Turns: 1991, Time: 00:06:58

Health: -1/21      AC:  3    Str:  4    XL:     4   Next: 4%
Magic:  4/9        EV: 18    Int: 17    God:
Gold:   40         SH:  0    Dex: 16    Spells: 5/8 levels left

rFire    . . .     SeeInvis +   h - +0 dagger (drain)
rCold    . . .     Gourm    .   (shield restricted)
rNeg     . . .     Faith    .   b - +1 robe
rPois    .         Spirit   .   (helmet restricted)
rElec    .         Reflect  .   (no cloak)
rCorr    .         Harm     .   (gloves unavailable)
MR       .....                  (boots unavailable)
Stlth    +++.......             (no amulet)
HPRegen  0.07/turn              (no ring)
MPRegen  0.11/turn              (no ring)

@: very slightly contaminated, very quick
A: very small, unfitting armour, see invisible, herbivore, speed 3, slow
metabolism 2
a: no special abilities


You were on level 2 of the Dungeon.
You were not hungry.

You visited 1 branch of the dungeon, and saw 2 of its levels.

You collected 40 gold pieces.

Inventory:

Hand Weapons
 a - a +1 dagger
 h - a +0 dagger of draining (weapon)
   (You took it off a goblin on level 2 of the Dungeon)
Armour
 b - a +1 robe (worn)
 n - a +0 buckler
   (You found it on level 1 of the Dungeon)
Scrolls
 e - 3 scrolls of teleportation {unknown}
 f - a scroll of fear {unknown}
 i - a scroll of enchant weapon {unknown}
 k - 2 scrolls of random uselessness {unknown}
 m - 2 scrolls of magic mapping {unknown}
Potions
 g - a potion of flight {unknown}
 j - a potion of curing {unknown}
Books
 c - a book of Maledictions
Comestibles
 d - 4 rations {@e1}


   Skills:
 + Level 3.1 Short Blades
 - Level 3.0 Dodging
 + Level 6.2 Stealth
 - Level 2.6 Spellcasting
 - Level 3.6 Hexes


You had 5 spell levels left.
You knew the following spells:

 Your Spells              Type           Power        Failure   Level  Hunger
a - Ensorcelled Hibernat  Hex/Ice        #.....       13%         2    ##.....
v - Corona                Hex            ##.....      4%          1    #......


Dungeon Overview and Level Annotations

Branches:
Dungeon (2/15)

Altars:
Fedhas


Innate Abilities, Weirdness & Mutations

You are very small and have problems with some larger weapons.
You are too small for most types of armour.
You have supernaturally acute eyesight. (SInv)
You are a herbivore.
You cover ground extremely quickly.
You need consume almost no food.


Message History

a club; a goblin corpse; a hobgoblin corpse Health restored: 16 You see here a hobgoblin corpse.
You see here a buckler.
You now have 24 gold pieces (gained 9).
You now have 40 gold pieces (gained 16).
You open the door.
There is an open door here.
A jackal comes into view.
You start waiting.
A goblin opens the door.
It is wielding a dagger of draining.
The goblin shouts!
You start waiting.
You hit the goblin but do no damage. The goblin misses you.
You hit the goblin but do no damage. The goblin misses you.
You hit the goblin. You closely miss the goblin. The goblin misses you.
You hit the goblin.
You kill the goblin!
h - a dagger of draining You see here a goblin corpse.
A jackal comes into view.
You start waiting.
Robin of the Strong Arm opens the door.
She is wielding a club.
You sense an unholy aura.
h - a +0 dagger of draining (weapon)
Robin shouts!
The goblin shouts!
The jackal barks!
You hit Robin but do no damage.
You hear a shout!
You hear a bark!
Robin closely misses you.
The jackal barks!
You hit Robin but do no damage.
A goblin comes into view. It is wielding a dagger.
You hit Robin but do no damage. Robin barely misses you.
You hit Robin but do no damage. Robin barely misses you.
You hit Robin but do no damage. You drain Robin!
A jackal comes into view.
The jackal barks!
You hit the jackal but do no damage.
You hear a shout!
The jackal barely misses you. Robin closely misses you.
You hear a shout!
The jackal bites you but does no damage.
You barely miss the jackal. The jackal closely misses you.
You hit the jackal.
The jackal bites you but does no damage.
You closely miss the jackal. The jackal completely misses you.
You hit the jackal but do no damage. The jackal closely misses you.
You hit the jackal but do no damage. The jackal misses you.
You hit the jackal. You drain the jackal!
You kill the jackal!
You hit the jackal but do no damage. You drain the jackal!
The jackal misses you.
You hit the jackal but do no damage. The jackal barely misses you.
You hit the jackal but do no damage. You drain the jackal!
You kill the jackal!
Robin's horned helmet rattles.
You hit the goblin.
Robin points. "Kill!"
The goblin barely misses you.
The jackal barks!
You hit the goblin.
You kill the goblin!
Your Short Blades skill increases to level 3!
You hear a shout!
Robin roars a battlecry!
The goblins go into a battle-frenzy!
You closely miss the goblin. The goblin closely misses you.
You barely miss the goblin.
A goblin opens the door.
A rat comes into view.
You hit the goblin. You closely miss the goblin. The goblin barely misses you.
You completely miss the goblin. The goblin completely misses you.
You closely miss the goblin. You hit Robin. You drain Robin!
The goblin hits you with a dagger.
Robin points. "Kill!"
You take 3 damage, and have 13/16 hp.
Okay, then.
You aren't carrying any items that you can evoke.
Aim: Robin, wielding a club, wearing a dyed animal skin and wearing a shiny helmet (moderately wounded, heavily drained, chance to defeat MR: 52%) Robin looks drowsy...
The goblin hits you with a dagger!
You take 7 damage, and have 6/16 hp.
MASSIVE DAMAGE!!
You now have 6/8 mp.
The helpless Robin fails to defend herself.
You impale Robin!!
You kill Robin!
You have reached level 4!
You regained 2 hp, and now have 8/21 hp.
Aim: a goblin (unusually strong, chance to defeat MR: 57%)
You miscast Ensorcelled Hibernation.
You are very lightly contaminated with residual magic.
Nothing appears to happen.
The goblin hits you with a dagger.
* * * LOW HITPOINT WARNING * * *
The goblin completely misses you.
You take 6 damage, and have 2/21 hp.
MASSIVE DAMAGE!!
You now have 4/9 mp.
You hit the goblin. The goblin hits you with a dagger.
You die...

#######.#.......# #...
#.#.......############...
#.#.......+..>...........
#.##......###.#.##..#####
#..'......+...#.###.# #
#####......#...#.###.#####
#.............<...........
#.###########.#...###.####
#.#...hgg@#.......###.####
#......##g#.#.............
#......#.r..##########.###
##.....'............).....
#.....#....#########.#.##
##...†........ #.#.#
#..########.. #.#.# #..#
.. ..... #..# #.##.


You could see a jackal, 3 goblins and a rat.

Vanquished Creatures
  Jessica (D:2)
  Robin (D:2)
  An ooze (D:1)
  A leopard gecko (D:2)
  5 goblins
  5 hobgoblins
  2 jackals (D:2)
  3 kobolds
  4 bats
  A frilled lizard (D:2)
  3 rats (D:1)
27 creatures vanquished.

Notes
Turn   | Place    | Note
-------+----------+-------------------------------------------
     0 | D:1      | Firecrotchwizard the Spriggan Enchanter began the quest for the Orb.
     0 | D:1      | Reached XP level 1. HP: 9/9 MP: 5/5
   154 | D:1      | HP: 2/9 [hobgoblin (5)]
   559 | D:1      | Reached XP level 2. HP: 13/13 MP: 6/6
   565 | D:1      | Learned a level 2 spell: Ensorcelled Hibernation
   647 | D:1      | Reached skill level 5 in Stealth
   693 | D:1      | Reached skill level 2 in Short Blades
  1278 | D:2      | Noticed Jessica
  1280 | D:2      | Killed Jessica
  1280 | D:2      | Reached XP level 3. HP: 16/16 MP: 8/8
  1570 | D:2      | Found a blossoming altar of Fedhas.
  1722 | D:2      | Reached skill level 6 in Stealth
  1727 | D:2      | Noticed Robin
  1979 | D:2      | Reached skill level 3 in Short Blades
  1989 | D:2      | Killed Robin
  1989 | D:2      | Reached XP level 4. HP: 8/21 MP: 6/9
  1990 | D:2      | HP: 2/21 [goblin/dagger[Robin] (6)]
  1991 | D:2      | Slain by a goblin

Skill      XL: |  1  2  3 |
---------------+----------+-----
Stealth        | 5 6 |  6.2
Short Blades   | 2 3 |  3.1
Dodging        | |  3.0
Spellcasting   | |  2.6
Hexes          | |  3.6

Action                   |  1- 3 |  4- 6 || total
-------------------------+-------+-------++-------
Melee: Dagger            |   138 |     1 ||   139
 Cast: Ensorcelled Hiber |     3 |       ||     3
  Use: Scroll            |     2 |       ||     2
 Stab: Sleeping          |     9 |       ||     9
       Distracted        |     1 |       ||     1
Armor: Robe              |    16 |       ||    16
Dodge: Dodged            |    98 |     1 ||    99

Vault maps used:
D:1:      denvon_arrival_waterhouse, corexii_corridor_pit, moated_statue,
          minmay_pentomino_x4
D:2:      fedhas_altar_3, uniq_jessica, uniq_robin

Table legend:
 A = Turns spent in this place as a percentage of turns spent in the entire game.
 B = Non-inter-level travel turns spent in this place as a percentage of non-inter-level travel turns spent in the entire game.
 C = Inter-level travel turns spent in this place as a percentage of turns spent in this place.
 D = Turns resting spent in this place as a percentage of non-inter-level travel turns spent in this place.
 E = Turns spent auto-exploring this place as a percentage of non-inter-level travel turns spent in this place.
 F = Non-inter-level travel turns spent in this place divided by the number of levels of this place that you've seen.
                   A       B       C       D       E      F
               +-------+-------+-------+-------+-------+----------------------
         Total | 100.0 | 100.0 |   3.0 |  38.8 |  32.3 | 966.0
       Dungeon | 100.0 | 100.0 |   3.0 |  38.8 |  32.3 | 966.0
               +-------+-------+-------+-------+-------+----------------------

Table legend:
 A = Kills in this place as a percentage of kills in entire the game.
 B = Kills by you in this place as a percentage of kills by you in the entire game.
 C = Kills by friends in this place as a percentage of kills by friends in the entire game.
 D = Other kills in this place as a percentage of other kills in the entire game.
 E = Experience gained in this place as a percentage of experience gained in the entire game.
 F = Experience gained in this place divided by the number of levels of this place that you have seen.
                   A       B       C       D       E      F
               +-------+-------+-------+-------+-------+----------------------
         Total | 100.0 | 100.0 |   N/A |   N/A | 100.0 |  50.5
       Dungeon | 100.0 | 100.0 |   N/A |   N/A | 100.0 |  50.5
               +-------+-------+-------+-------+-------+----------------------
